 Dungeon Crawl Stone Soup version 0.28-a0-1147-gc7b72d3202 (webtiles) character file.

Game seed: 6396781598137594214

60 ChaosChampion the Skirmisher (level 3, 0/29 HPs)
             Began as a Demonspawn Abyssal Knight on Dec 14, 2021.
             Was a Believer of Lugonu.
             Slain by an orc (8 damage)
             ... on level 2 of the Dungeon.
             The game lasted 00:01:47 (1871 turns).

ChaosChampion the Skirmisher (DsAK)                 Turns: 1871, Time: 00:01:48

Health: 0/29       AC:  3    Str: 15    XL:     3   Next: 82%
Magic:  5/5        EV: 11    Int: 11    God:    Lugonu [**....]
Gold:   101        SH:  0    Dex: 15    Spells: 2/2 levels left

rFire   . . .      SeeInvis .   a - +1 hand axe
rCold   . . .      Faith    .   (no shield)
rNeg    . . .      Spirit   .   b - +0 leather armour
rPois   .          Reflect  .   (no helmet)
rElec   .          Harm     .   (no cloak)
rCorr   .          Rampage  .   (no gloves)
Will    .....                   (no boots)
Stlth   ++........              (no amulet)
HPRegen 0.09/turn               (no ring)
MPRegen 0.09/turn               (no ring)

@: no status effects
A: hooves 1, thin skeletal structure 1
a: Renounce Religion, Depart the Abyss, Bend Space


You were on level 2 of the Dungeon.
You worshipped Lugonu.
Lugonu was pleased with you.
You visited 1 branch of the dungeon, and saw 2 of its levels.
You visited the Abyss 1 time.

You collected 101 gold pieces.

Inventory:

Hand Weapons
 a - a +1 hand axe (weapon)
Armour
 b - a +0 leather armour (worn)
Scrolls
 d - 3 scrolls of identify {unknown}
 e - a scroll of amnesia {unknown}
 i - a scroll of blinking {unknown}
Potions
 c - 2 potions of flight {unknown}
 f - a potion of curing {unknown}
 g - a potion of brilliance {unknown}
 h - a potion of magic {unknown}
 j - a potion of berserk rage {unknown}


   Skills:
 + Level 3.4 Fighting
 + Level 2.2 Axes
 + Level 2.3 Armour
 + Level 1.5 Dodging
 + Level 3.3 Invocations


You had 2 spell levels left.
You didn't know any spells.
Your spell library was empty.

Dungeon Overview and Level Annotations

Branches:
Dungeon (2/15)

Altars:


Innate Abilities, Weirdness & Mutations

You have large cloven feet.
You have a somewhat thin skeletal structure. (Dex +2, Stealth+)


Message History

The rat bites you but does no damage.
You completely miss the rat. The rat closely misses you.
You completely miss the rat. You kick the rat, but do no damage.
The rat bites you.
You slash the rat!
You kill the rat!
Lugonu accepts your kill.
You barely miss the orc. Your kick misses the orc.
The orc hits you with a +0 mace.
You are too injured to fight recklessly!
You are too injured to fight recklessly!
You are too injured to fight recklessly!
You are too injured to fight recklessly!
You are too injured to fight recklessly!
You are too injured to fight recklessly!
You are too injured to fight recklessly!
You are too injured to fight recklessly!
You are too injured to fight recklessly!
You are too injured to fight recklessly!
You are too injured to fight recklessly!
You are too injured to fight recklessly!
You are too injured to fight recklessly!
Okay, then.
You are too injured to fight recklessly!
You are too injured to fight recklessly!
You are too injured to fight recklessly!
You hit the orc. Your kick misses the orc.
The orc is lightly wounded.
The orc completely misses you.
You hit the orc. You kick the orc.
The orc is severely wounded.
The orc hits you with a +0 mace!
* * * LOW HITPOINT WARNING * * *
You hit the orc.
You kill the orc!
Lugonu accepts your kill.
You hit the orc.
The orc is lightly wounded.
The orc hits you with a +0 flail!
You die...

#.......≈#.#≈....
#.##..≈≈≈#.#≈≈≈..
#.#..≈≈≈≈#.# ≈≈≈.
####.#.≈≈≈≈≈#.# ≈≈≈
.......≈≈≈≈≈#.# ≈≈≈
####..≈≈#####.#####
#..≈≈#.........#
#..≈###.#####.##
#..≈#...# #@#
#†.≈##..# ##o#
####...#.#.# ≈ #o#
.....(..####≈≈≈ #..
#####...#≈≈≈≈≈≈ ...
#....≈≈≈≈≈≈ #.#
##.#...≈≈≈≈ .#
#.###..... # #.#
#####


You could see 2 orcs.

Vanquished Creatures
  2 worms (D:2)
  A dart slug (D:2)
  3 orcs (D:2)
  4 ball pythons
  4 endoplasms
  A giant cockroach (D:1)
  4 goblins
  4 hobgoblins
  3 jackals (D:2)
  5 kobolds
  A quokka (D:1)
  4 bats
  3 frilled lizards (D:1)
  6 rats
  A spectral kobold (D:2)
46 creatures vanquished.

Vanquished Creatures (others)
  11 plants (D:2)
11 creatures vanquished.

Grand Total: 57 creatures vanquished

Notes
Turn   | Place    | Note
-------+----------+-------------------------------------------
     0 | Abyss:1  | ChaosChampion the Demonspawn Abyssal Knight began the quest
                  | for the Orb.
     0 | Abyss:1  | Reached XP level 1. HP: 18/18 MP: 2/2
    41 | D:1      | Escaped the Abyss
   165 | D:1      | Reached skill level 1 in Dodging
   354 | D:1      | Gained mutation: You have a somewhat thin skeletal
                  | structure. (Dex +2, Stealth+) [demonic ancestry]
   354 | D:1      | Reached XP level 2. HP: 24/24 MP: 4/4
   467 | D:1      | Reached ** piety under Lugonu
   868 | D:2      | Gained mutation: You have large cloven feet. [demonic
                  | ancestry]
   868 | D:2      | Reached XP level 3. HP: 22/29 MP: 5/5
   895 | D:2      | HP: 1/29 [goblin (4)]
   902 | D:2      | HP: 1/29 [bat (1)]
  1298 | D:2      | Found a faded altar of an unknown god.
  1871 | D:2      | Slain by an orc

Illustrated notes

Levels and vault maps discovered:
D:1:      nagdon_arrival_zigzag_paths, layout_loops_cross, minmay_tetromino_l4
D:2:      layout_rooms, dreamdust_ecumenical_altar_drowned_temple,
          serial_curves, eino_curves_02, eino_curves_02, grunt_decor_junction,
          nrook_mini_vaults, hex_medium, hangedman_decor_clover_reticule,
          serial_bayou_pond_c, corexii_corridor_pit,
          minmay_misc_feat_more_columns

Skill      XL: |  1  2 |
---------------+-------+-----
Dodging        | 1 |  1.5
Axes           | 2 |  2.2
Armour         | 2 |  2.3
Invocations    | 3 |  3.3
Fighting       | |  3.4

Action                   || total
-------------------------++-------
Melee: Hand axe          ||   110
       Kick              ||    25
 Stab: Sleeping          ||     4
       Distracted        ||     1
Armor: Leather armour    ||    23
Dodge: Dodged            ||    78

Table legend: (Time is in decaauts)
 A = Elapsed time spent in this place.
 B = Non-inter-level travel time spent in this place.
 C = Inter-level travel time spent in this place.
 D = Time resting spent in this place.
 E = Time spent auto-exploring this place.
 F = Levels seen in this place.
 G = Mean time per level.
                   A        B        C        D        E       F      G
               +--------+--------+--------+--------+--------+-----+--------+
         Total |   1901 |   1888 |     13 |    269 |   1312 |   3 |  633.7 |
       Dungeon |   1857 |   1844 |     13 |    269 |   1277 |   2 |  928.5 |
         Abyss |     43 |     43 |      0 |      0 |     35 |   1 |   43.0 |
               +--------+--------+--------+--------+--------+-----+--------+

Top non-repeatable levels by time:
     D:1: 1089 daAuts
     D:2: 768 daAuts
 Abyss:1: 43 daAuts
